 Dungeon Crawl Stone Soup version 0.23-a0-389-g4a5eb33 (webtiles) character file.

283 Cryolive the Digger (level 6, 0/32 HPs)
             Began as a Gargoyle Earth Elementalist on Oct 29, 2018.
             Was an Initiate of Vehumet.
             Slain by a bullfrog (3 damage)
             ... on level 4 of the Dungeon.
             The game lasted 00:05:26 (2297 turns).

Cryolive the Digger (Gargoyle Earth Elementalist)   Turns: 2297, Time: 00:05:27

Health: 0/32       AC:  6    Str: 12    XL:     6   Next: 28%
Magic:  8/11       EV: 12    Int: 17    God:    Vehumet [......]
Gold:   49         SH:  0    Dex: 10    Spells: 3/12 levels left

rFire    . . .     SeeInvis .   l - +0 flail
rCold    . . .     Gourm    .   (no shield)
rNeg     + . .     Faith    .   c - +0 robe
rPois    ∞         Spirit   .   (no helmet)
rElec    +         Reflect  .   (no cloak)
rCorr    .         Harm     .   (no gloves)
MR       .....                  (no boots)
Stlth    ++........             (no amulet)
HPRegen  0.10/turn              (no ring)
MPRegen  0.12/turn              (no ring)

@: no status effects
A: negative energy resistance 1, electricity resistance, unbreathing,
petrification resistance, rot immunity, AC +4
a: Renounce Religion


You were on level 4 of the Dungeon.
You worshipped Vehumet.
Vehumet was noncommittal.
You were not hungry.

You visited 2 branches of the dungeon, and saw 4 of its levels.

You collected 73 gold pieces.
You spent 24 gold pieces at shops.

Inventory:

Hand Weapons
 l - a +0 flail (weapon)
Missiles
 b - 24 stones (quivered)
Armour
 c - a +0 robe (worn)
Scrolls
 a - 3 scrolls of teleportation {unknown}
 e - a scroll of blinking {unknown}
 f - 2 scrolls of remove curse {unknown}
 h - 3 scrolls of identify
Potions
 i - a potion of haste {unknown}
 k - a potion of agility {unknown}
Comestibles
 d - 6 rations


   Skills:
 - Level 1.5 Dodging
 - Level 2.1 Stealth
 + Level 3.9 Spellcasting
 + Level 2.8 Conjurations
   Level 0.7 Transmutations
 + Level 5.8 Earth Magic


You had 3 spell levels left.
You knew the following spells:

 Your Spells              Type           Power        Failure   Level  Hunger
a - Sandblast             Erth           ###...       1%          1    None
b - Stone Arrow           Conj/Erth      ###...       8%          3    ###....
c - Lee's Rapid Deconstr  Erth           ###.......   36%         5    ######.

Your spell library contained the following spells:

 Spells                   Type           Power        Failure   Level  Hunger
 Passwall                 Tmut/Erth      ##......     6%          2    ##.....
 Petrify                  Tmut/Erth      ##......     38%         4    ####...


Dungeon Overview and Level Annotations

Branches:
Dungeon (4/15)             Temple (1/1) D:4

Altars:
Ashenzari
Sif Muna
Vehumet
Yredelemnul
The Shining One

Shops:
D:4 ?[[


Innate Abilities, Weirdness & Mutations

You are resistant to torment.
Your stone body is resilient. (AC +4)
You are immune to poison.
You resist negative energy. (rN+)
You are resistant to electric shocks. (rElec)
You can survive without breathing.
You are immune to petrification.
You are immune to rotting.


Message History

Confirm with . or Enter, or press ? or * to list all spells.
Aiming: Sandblast (safe; 1% risk of failure)
Press: ? - help, Shift-Dir - straight line, f - bullfrog
Aim: a bullfrog The blast of sand hits the bullfrog.
The bullfrog is moderately wounded.
b - 25 stones The bullfrog hits you.
* * * LOW HITPOINT WARNING * * *
The bullfrog hits you but does no damage.
Casting: Sandblast (safe; 1% risk of failure)
Confirm with . or Enter, or press ? or * to list all spells.
Aiming: Sandblast (safe; 1% risk of failure)
Press: ? - help, Shift-Dir - straight line, f/p - bullfrog
Aim: a bullfrog (moderately wounded)
The blast of sand hits the bullfrog.
The bullfrog is severely wounded.
b - 24 stones The bullfrog hits you.
You die...

#... #... ##.#
#.#######.# #..........
######### #.####.#..#
........######.#....#..#
...............#.####..#
.$F..##@# #.# #..#
......F.## #.# #..#
.........#######.# #...
..<.#.#.>.........# #.##
... #.#...######### #.#
#. #.# #.#.### #.# #.
#.# #.#.# #.# #. #.#
#.#.# #.# #. #.# #.#.#
#.#


You could see a bullfrog.

Vanquished Creatures
  A howler monkey (D:4)
  An orc priest (D:4)
  A gnoll shaman (D:4)
  A hound (D:4)
  An orc wizard (D:4)
  Terence (D:2)
  5 gnolls
  An adder (D:2)
  An adder skeleton (D:4)
  6 orcs
  2 giant cockroaches (D:1)
  2 goblins (D:1)
  4 hobgoblins
  2 jackals (D:1)
  A kobold (D:1)
  2 quokkas (D:4)
  5 bats (D:1)
  A frilled lizard (D:1)
  A rat (D:1)
39 creatures vanquished.

Notes
Turn   | Place    | Note
-------+----------+-------------------------------------------
     0 | D:1      | Cryolive the Gargoyle Earth Elementalist began the quest
                  | for the Orb.
     0 | D:1      | Reached XP level 1. HP: 10/10 MP: 3/3
   312 | D:1      | Reached skill level 4 in Earth Magic
   312 | D:1      | Reached XP level 2. HP: 9/15 MP: 5/5
   631 | D:2      | Noticed Terence
   661 | D:2      | Killed Terence
   661 | D:2      | Reached XP level 3. HP: 7/19 MP: 0/7
   666 | D:2      | Learned a level 3 spell: Stone Arrow
   740 | D:2      | Reached XP level 4. HP: 9/24 MP: 5/8
   965 | D:2      | You fall through a shaft for 2 floors!
  1004 | D:4      | Found Xuthrecwu's Magic Scroll Shop.
  1007 | D:4      | Bought a scroll of identify for 24 gold pieces
  1056 | D:4      | Reached skill level 1 in Conjurations
  1056 | D:4      | Reached skill level 5 in Earth Magic
  1182 | D:4      | Found a staircase to the Ecumenical Temple.
  1194 | D:4      | Found Nic Fera's Armour Shoppe.
  1221 | D:4      | Found Xisukhi's Antique Armour Boutique.
  1283 | D:4      | Reached XP level 5. HP: 28/28 MP: 0/10
  1314 | Temple   | Entered the Ecumenical Temple
  1347 | Temple   | Became a worshipper of Vehumet
  2211 | D:4      | Reached XP level 6. HP: 25/32 MP: 8/11
  2236 | D:4      | Learned a level 5 spell: Lee's Rapid Deconstruction
  2297 | D:4      | Slain by a bullfrog

Vault maps used:
D:1:      dpeg_arrival_round_c
D:2:      uniq_terence, uniq_robin
D:4:      minmay_temple_entry_mist, first_ration, serial_shops,
          nicolae_shop_window_shopping, shop, shop_fountains, shop
Temple:   regret_index_temple_waves

Skill      XL: |  1  2  3  4  5 |
---------------+----------------+-----
Earth Magic    | 4 5 |  5.8
Spellcasting   | 3 |  3.9
Conjurations   | 1 2 |  2.8
Dodging        | |  1.5
Stealth        | |  2.1
Transmutations | |  0.7

Action                   |  1- 3 |  4- 6 || total
-------------------------+-------+-------++-------
Melee: Whip              |    82 |    49 ||   131
       Flail             |       |    27 ||    27
 Cast: Sandblast         |    10 |    18 ||    28
       Stone Arrow       |       |     6 ||     6
 Stab: Sleeping          |     3 |       ||     3
  Eat: Chunk             |       |     5 ||     5
Armor: Robe              |    39 |    37 ||    76
Dodge: Dodged            |    78 |    72 ||   150

Table legend:
 A = Non-vault XP
 B = Vault XP
 C = Vault XP percentage of total XP
 D = Non-vault monster count
 E = Vault monster count
 F = Vault count percentage of total count
                 A         B        C        D         E       F
            +---------+---------+-------+---------+---------+-------
      Total |     367 |      38 |   9.4 |      38 |       1 |   2.6
            +---------+---------+-------+---------+---------+-------
        D:1 |      29 |       0 |   0.0 |      17 |       0 |   0.0
        D:2 |      15 |      38 |  71.7 |       2 |       1 |  33.3
        D:4 |     270 |       0 |   0.0 |      13 |       0 |   0.0
     Temple |      53 |       0 |   0.0 |       6 |       0 |   0.0
            +---------+---------+-------+---------+---------+-------
